AoeStats
← FaultierNosta

Arabia

510198219Analyzed
1v1 RM · 2d ago on Sep 29, 2026· 49m 7s· 2 players
Game mode
Random Map
Map size
Tiny (2 player)
Population
200
Speed
Normal
Resources
Standard
Victory
Conquest
Starting age
Dark Age
Ending age
Imperial Age
RankedLock teamsTeams togetherTeam positionsShared explorationLock speedFull tech treeHidden civsTurbo modeCheats
Victory
Defeat
🇦🇷 Mongols · Argentina
1533
+12
🇩🇪 Malians · Germany
1439
-12
The Goat
5:13 Loom
7:50 Feudal Age
9:26 Double-Bit Axe
20:17 Castle Age
18:27 Horse Collar
19:52 Gold Mining
20:24 Fletching
20:51 Bloodlines
21:29 Bodkin Arrow
23:51 Ballistics
24:11 Husbandry
24:44 Padded Archer Armor
26:39 Bow Saw
29:59 Wheelbarrow
29:09 Town Watch
31:20 Thumb Ring
33:21 Gold Shaft Mining
33:02 Leather Archer Armor
34:23 Hand Cart
34:08 Town Patrol
35:19 Town Patrol
37:09 Heavy Plow
39:57 Imperial Age
38:29 Stone Mining
39:59 Stone Shaft Mining
38:48 Light Cavalry
39:35 Scale Barding Armor
40:38 Bracer
41:42 Chemistry
40:07 Heavy Cavalry Archer
41:12 Parthian Tactics
41:43 Conscription
42:28 Forging
42:45 Chain Barding Armor
43:30 Parthian Tactics
43:59 Forging
45:02 Hoardings
46:33 Iron Casting
FaultierNosta
6:42 Loom
9:21 Feudal Age
9:56 Double-Bit Axe
10:09 Horse Collar
20:51 Castle Age
19:13 Gold Mining
19:57 Scale Barding Armor
21:02 Forging
21:52 Bloodlines
21:42 Husbandry
24:03 Chain Barding Armor
33:02 Wheelbarrow
32:13 Town Watch
33:24 Bow Saw
33:11 Stone Mining
36:31 Ballistics
41:10 Imperial Age
40:24 Masonry
41:23 Iron Casting
42:01 Hand Cart
41:48 Heavy Plow
42:30 Plate Barding Armor
41:38 Heavy Camel Rider
43:59 Chemistry
43:29 Architecture
45:23 Conscription
46:40 Conscription
47:26 Farimba
Connection lost

Rejoining the realm…

Still unreachable

The connection could not be restored.

Session expired

The server has moved on; the page needs a fresh start.